 Dungeon Crawl Stone Soup version 0.27.1 (webtiles) character file.

Game seed: 9010953676742312289

84 PentaManta the Cudgeller (level 4, -6/28 HPs)
             Began as a Gargoyle Monk on Aug 21, 2021.
             Mangled by an ogre (29 damage)
             ... on level 1 of the Dungeon.
             The game lasted 00:04:23 (1868 turns).

PentaManta the Cudgeller (Gargoyle Monk)            Turns: 1868, Time: 00:04:24

Health: -6/28      AC:  8    Str: 15    XL:     4   Next: 45%
Magic:  4/4        EV: 11    Int: 11    God:
Gold:   53         SH:  0    Dex: 12    Spells: 3/3 levels left

rFire    . . .     SeeInvis .   a - +0 mace
rCold    . . .     Faith    .   (no shield)
rNeg     + . .     Spirit   .   e - +0 ring mail
rPois    ∞         Reflect  .   (no helmet)
rElec    +         Harm     .   (no cloak)
rCorr    .         Rampage  .   (no gloves)
Will     .....                  (no boots)
Stlth    +.........             (no amulet)
HPRegen  0.09/turn              (no ring)
MPRegen  0.09/turn              (no ring)

@: no status effects
A: sickness immunity, AC +3, negative energy resistance 1, electricity
resistance, torment resistance 1, petrification resistance
a: no special abilities


You were on level 1 of the Dungeon.
You visited 1 branch of the dungeon, and saw 2 of its levels.

You collected 53 gold pieces.

Inventory:

Hand Weapons
 a - a +0 mace (weapon)
 d - a +0 dagger of flaming
Armour
 b - a +0 robe
 e - a +0 ring mail (worn)
 g - a +0 helmet
 p - a +1 ring mail of cold resistance
Jewellery
 k - a ring of fire
 l - a ring of magical power
Wands
 n - a wand of paralysis (8)
Scrolls
 c - 3 scrolls of identify {unknown}
 f - a scroll of brand weapon {unknown}
 h - 2 scrolls of enchant armour {unknown}
 i - 2 scrolls of noise {unknown}
 j - 2 scrolls of magic mapping {unknown}
 o - a scroll of silence {unknown}
Potions
 m - a potion of attraction {unknown}


   Skills:
 - Level 3.2 Fighting
 + Level 5.1 Maces & Flails
 - Level 2.4 Dodging
 - Level 2.1 Stealth


You had 3 spell levels left.
You didn't know any spells.
Your spell library contained the following spells:

 Spells                   Type           Power      Damage    Failure   Level
 Magic Dart               Conj           0%         1d3       56%         1
 Call Imp                 Summ           0%         N/A       71%         2
 Mephitic Cloud           Conj/Pois/Air  0%         N/A       91%         3


Dungeon Overview and Level Annotations

Branches:
Dungeon (2/15)

Altars:


Innate Abilities, Weirdness & Mutations

You are immune to sickness and miasma.
Your stone body is resilient. (AC +3)
You are immune to poison.
You resist negative energy. (rN+)
You are resistant to electric shocks. (rElec)
You are resistant to unholy torment.
You are immune to petrification.


Message History

You sock the quokka!
You kill the quokka!
No target in view!
Things that are here:
a +0 short sword; 2 stones; a kobold corpse An ogre comes into view.
It is wielding a +0 giant club.
An ogre is nearby!
An ogre is nearby!
Found a ring mail and a shiny ring mail.
Found a stone staircase leading down.
Press: ? - help, v - describe, . - travel The floor.
You see here a +1 ring mail of cold resistance.
p - a +1 ring mail of cold resistance The ogre misses you.
Press: ? - help, v - describe, . - travel
Here: an ogre, wielding a +0 giant club The floor.
Describe a (M)onster, (S)pell, s(K)ill, (A)bility, (C)ard, (I)tem, (F)eature, (G)od, (B)ranch, c(L)oud or s(T)atus?
Describe a item; partial names and regexps are fine.
Enter a single letter to list items displayed by that symbol.
Describe what? club Describe a (M)onster, (S)pell, s(K)ill, (A)bility, (C)ard, (I)tem, (F)eature, (G)od, (B)ranch, c(L)oud or s(T)atus?
Describe a item; partial names and regexps are fine.
Enter a single letter to list items displayed by that symbol.
Describe what? gian Describe a (M)onster, (S)pell, s(K)ill, (A)bility, (C)ard, (I)tem, (F)eature, (G)od, (B)ranch, c(L)oud or s(T)atus?
Okay, then.
You barely miss the ogre. The ogre hits you with a +0 giant club!
Ouch! That really hurt!
Found a stone staircase leading up.
The ogre barely misses you.
There is a stone staircase leading up here.
The ogre misses you.
You climb upwards.
There is a stone staircase leading down here.
There is a stone staircase leading down here.
There is a stone staircase leading down here.
There is a stone staircase leading down here.
You sock the ogre!
The ogre is moderately wounded.
The ogre hits you with a +0 giant club!!
Ouch! That really hurt!
You die...

..#####..........#..⌠P⌠⌠P≈≈.##.##
..# #......######.......)......
..# ####......# #########..#.##
..# #.#.##.# #.....## ..###
##.#.##.###########..#### ....##
#................##..#### .....#
#....#....######.##......
###..####.........##........#####
..........#....#@.##.###.####
..#..###..#.##.O.....# #.# ..#..#
#..#.##.#..#### #.#
.....###..........# #.#
####.##....#####.#######.#
.....###.#.# #.........# .#####
###.# ########### .### ####.####
...# #.......#


You could see an ogre.

Vanquished Creatures
  5 adders (D:2)
  A worm (D:2)
  A dart slug (D:2)
  2 bats (D:1)
  An endoplasm (D:1)
  A giant cockroach (D:1)
  5 goblins
  6 hobgoblins
  A quokka (D:2)
  4 ball pythons
  2 frilled lizards
  3 kobolds (D:2)
  2 rats
34 creatures vanquished.

Notes
Turn   | Place    | Note
-------+----------+-------------------------------------------
     0 | D:1      | PentaManta the Gargoyle Monk began the quest for the Orb.
     0 | D:1      | Reached XP level 1. HP: 14/14 MP: 1/1
   217 | D:1      | Reached XP level 2. HP: 17/19 MP: 2/2
   590 | D:1      | Found a faded altar of an unknown god.
   998 | D:2      | Reached skill level 4 in Maces & Flails
   998 | D:2      | Reached XP level 3. HP: 19/23 MP: 3/3
  1398 | D:2      | Reached XP level 4. HP: 26/28 MP: 4/4
  1464 | D:2      | Reached skill level 5 in Maces & Flails
  1757 | D:2      | Noticed an ogre
  1868 | D:1      | Mangled by an ogre

Illustrated notes

Levels and vault maps discovered:
D:1:      dpeg_arrival_simpleton_a, layout_loops_cross,
          shapermc_ecumenical_altar_acropolis
D:2:      wad_pebble_path, layout_basic, serial_glass, glass_columns_a,
          glass_columns_b, feat_on_display, feat_on_display, minmay_tall_x

Skill      XL: |  1  2  3  4 |
---------------+-------------+-----
Maces & Flails | 4 5 |  5.1
Fighting       | |  3.2
Dodging        | |  2.4
Stealth        | |  2.1

Action                   |  1- 3 |  4- 6 || total
-------------------------+-------+-------++-------
Melee: Dagger            |    62 |       ||    62
       Mace              |    44 |    23 ||    67
 Stab: Sleeping          |     3 |     1 ||     4
Armor: Robe              |     7 |       ||     7
       Ring mail         |    43 |     6 ||    49
Dodge: Dodged            |    78 |    15 ||    93
